 Dungeon Crawl Stone Soup version 0.28.0-49-g6dfe1f597d (webtiles) character file.

Game seed: 14960412082360928906

4225 Gabide the Cleaver (level 10, -6/70 HPs)
             Began as a Mummy Necromancer on May 20, 2022.
             Was an Initiate of Ashenzari.
             Killed from afar by an ice statue (18 damage)
             ... with a shard of ice
             ... on level 9 of the Dungeon.
             The game lasted 00:39:31 (11022 turns).

Gabide the Cleaver (Mummy Necromancer)             Turns: 11022, Time: 00:39:32

Health: -6/70      AC: 11    Str: 11    XL:     10   Next: 9%
Magic:  16/16      EV: 14    Int: 19    God:    Ashenzari [......]
Gold:   882        SH:  0    Dex: 13    Spells: 8/17 levels left

rFire   x x .      SeeInvis .   l - +6 battleaxe
rCold   + + .      Faith    .   (shield currently unavailable)
rNeg    + + +      Spirit   .   i - +0 ring mail
rPois   ∞          Reflect  .   g - +0 helmet
rElec   .          Harm     .   x - +1 cloak
rCorr   .          Rampage  .   f - +1 pair of gloves
Will    +....                   d - +0 pair of boots
Stlth   +.........              (no amulet)
HPRegen 0.21/turn               s - ring of ice
MPRegen 0.15/turn               w - +4 ring of evasion

@: no status effects
A: cold resistance 1, negative energy resistance 3, torment resistance 2, heat
vulnerability 1, no potions
a: Renounce Religion, Curse Item


You were on level 9 of the Dungeon.
You worshipped Ashenzari.
Ashenzari was noncommittal.
You visited 2 branches of the dungeon, and saw 10 of its levels.

You collected 1192 gold pieces.
You spent 229 gold pieces at shops.
You paid 81 gold pieces to Gozag.

Inventory:

Hand Weapons
 a - a +2 whip of electrocution
 l - a +6 battleaxe (weapon)
 u - a +7 vorpal spear
 y - a +5 short sword
Missiles
 k - 2 throwing nets
Armour
 d - a +0 pair of boots (worn)
 f - a +1 pair of gloves (worn)
 g - a +0 helmet (worn)
 i - a +0 ring mail (worn)
 m - a +0 chain mail
 v - a +0 cloak
 x - a +1 cloak (worn)
Jewellery
 n - a ring of see invisible
 s - a ring of ice (left hand)
 w - a +4 ring of evasion (right hand)
Wands
 h - a wand of polymorph (11)
 o - a wand of flame (35)
 q - a wand of paralysis (6)
 r - a wand of acid (14)
Scrolls
 b - a scroll of immolation
 c - 3 scrolls of teleportation
 e - 2 scrolls of magic mapping
 j - a scroll of noise
 p - a scroll of blinking


   Skills:
 - Level 3.0 Fighting
 * Level 11.0(11.2) Axes
 - Level 3.0(7.6) Polearms
 - Level 2.0 Armour
 - Level 2.0 Dodging
 - Level 1.5 Stealth
 - Level 4.0 Spellcasting
 - Level 4.0 Necromancy


You had 8 spell levels left.
You knew the following spells:

 Your Spells              Type           Power      Damage    Failure   Level
a - Pain                  Necr           76%        1d7       6%          1
b - Vampiric Draining     Necr           19%        2d7       19%         3
c - Animate Dead          Necr           9%         N/A       52%         4
d - Animate Skeleton      Necr           38%        N/A       6%          1

Your spell library contained the following spells:

 Spells                   Type           Power      Damage    Failure   Level
 Scorch                   Fire           6%         2d5       43%         2
 Confusing Touch          Hex            3%         N/A       67%         3
 Gell's Gravitas          Tloc           3%         N/A       67%         3
 Teleport Other           Tloc           3%         N/A       67%         3
 Agony                    Necr           19%        N/A       86%         5
 Flame Wave               Conj/Fire      3%         2d4       97%         4
 Yara's Violent Unravell  Hex/Tmut       1%         3d3       100%        5
 Dispersal                Tloc           1%         N/A       100%        6
 Summon Cactus Giant      Summ           1%         N/A       100%        6
 Enfeeble                 Hex            1%         N/A       100%        7


Dungeon Overview and Level Annotations

Branches:
Dungeon (9/15)             Temple (1/1) D:6
   Lair: D:8-11         Orc: D:9-12

Altars:
Ashenzari
Cheibriados
Dithmenos
Elyvilon
Fedhas
Gozag
Hepliaklqana
Kikubaaqudgha
Makhleb
Nemelex Xobeh
Okawaru
Qazlal
Ru
Sif Muna
Trog
Uskayaw
Vehumet
Wu Jian
Xom
Yredelemnul
Zin
The Shining One

Shops:
D:5 *   D:6 *

Annotations:
D:9 exclusion: ice statue, Maggie


Innate Abilities, Weirdness & Mutations

You are immune to poison.
Your flesh is cold resistant. (rC+)
You are immune to negative energy. (rN+++)
You are immune to unholy pain and torment.
You are vulnerable to heat. (rF-)
You do not drink.


Message History

As you read the scroll of fog, it crumbles to dust.
The scroll dissolves into smoke.
The ice beast hits you but does no damage. x2
You slash the ice statue!
The ice statue is moderately damaged.
You completely miss the ice beast. You hit the ice beast.
The ice statue gestures at you. The bolt of cold hits you! You resist.
The ice beast misses you. The ice beast completely misses you.
You slash the ice statue!
The ice statue is heavily damaged.
You barely miss the ice beast. You hit the ice beast.
The ice statue gestures at you. The bolt of cold hits you! You resist.
The ice beast hits you but does no damage.
The ice beast misses you.
You hit the ice statue but do no damage.
The ice statue is heavily damaged.
You completely miss the ice beast. You barely miss the ice beast.
The ice statue gestures at you. The shard of ice hits you!!
You partially resist.
* * * LOW HITPOINT WARNING * * *
The ice beast hits you but does no damage.
The ice beast barely misses you. Maggie casts a spell at you.
The bolt of fire misses you.
The bolt of fire hits the ice statue!!
The ice statue melts!
Press: ? - help, v - describe, . - travel
Here: an ice statue (purple smoke, almost destroyed)
The floor.
Unknown command.
You hit the ice statue but do no damage.
The ice statue is almost destroyed.
You closely miss the ice beast. You slash the ice beast!
You kill the ice beast!
The ice beast disappears in a puff of smoke!
The ice beast hits you but does no damage.
The ice statue gestures at you. The shard of ice hits you!!
You partially resist.
You die...

######### ##.......###
#..#8.8#...#
#.#8...8#..#
#.8§§§§§8..#
#.#§§8§§#..#
#.8§§@§§8..#
##.#8§@Y8#..###########
@....#8§8#..............
............###......#..
.......#....# #...#.....
.#..?..#....# #.....###.
#.....#....# #.##### #.
#.....#...)# #.# #.
#.....#....# #.# #.


You could see an ice statue, Maggie and an ice beast (summoned).

Vanquished Creatures
  A two-headed ogre (D:9)
  Pikel (D:7)
  Maurice (D:8)
  2 steam dragons (D:7)
  2 water moccasins
  2 orc warriors
  Duvessa (D:6)
  A hornet zombie (D:8)
  A sky beast (D:7)
  An ice beast (D:6)
  2 necrophages
  An ogre (D:5)
  A centaur (D:8)
  A phantom (D:4)
  2 bullfrogs (D:7)
  A gnoll sergeant (D:6)
  A wyvern skeleton (D:7)
  3 wights (D:8)
  A jelly (D:4)
  2 hounds (D:6)
  An orc priest (D:6)
  Crazy Yiuf (D:7)
  A bullfrog skeleton (D:7)
  2 centaur skeletons
  4 iguanas
  2 orc wizards
  Natasha (thrice) (D:2)
  Terence (D:2)
  Robin (D:2)
  10 gnolls
  6 adders
  A white imp (D:7)
  An adder skeleton (D:4)
  2 worms
  2 dart slugs
  14 orcs
  6 ball pythons
  9 endoplasms
  3 giant cockroaches
  15 goblins
  10 hobgoblins
  10 jackals
  2 quokkas
  17 bats
  2 frilled lizards (D:1)
  4 kobolds
  5 rats
163 creatures vanquished.

Vanquished Creatures (collateral kills)
  Grinder (D:6)
  Dowan (D:6)
  A howler monkey (D:6)
3 creatures vanquished.

Vanquished Creatures (others)
  8 fungi (D:8)
8 creatures vanquished.

Grand Total: 174 creatures vanquished

Notes
Turn   | Place    | Note
-------+----------+-------------------------------------------
     0 | D:1      | Gabide the Mummy Necromancer began the quest for the Orb.
     0 | D:1      | Reached XP level 1. HP: 13/13 MP: 4/4
    70 | D:1      | Reached skill level 1 in Fighting
   306 | D:1      | Reached XP level 2. HP: 22/22 MP: 0/5
  1418 | D:1      | Reached XP level 3. HP: 21/28 MP: 0/7
  2009 | D:2      | Reached skill level 1 in Armour
  2130 | D:2      | Noticed Natasha
  2136 | D:2      | Killed Natasha
  2137 | D:2      | Reached XP level 4. HP: 35/35 MP: 2/8
  2268 | D:2      | Noticed Terence
  2275 | D:2      | Killed Terence
  2457 | D:2      | Noticed Natasha
  2465 | D:2      | Killed Natasha
  2536 | D:2      | Learned a level 3 spell: Vampiric Draining
  2541 | D:2      | Learned a level 4 spell: Animate Dead
  2573 | D:2      | Found a faded altar of an unknown god.
  2578 | D:2      | Noticed Robin
  2608 | D:1      | Reached XP level 5. HP: 34/41 MP: 3/10
  2953 | D:2      | Killed Robin
  3215 | D:3      | Found a blossoming altar of Fedhas.
  3215 | D:3      | Found a shadowy altar of Dithmenos.
  3350 | D:3      | Reached skill level 1 in Polearms
  3548 | D:3      | Learned a level 1 spell: Animate Skeleton
  3844 | D:3      | Noticed an orc warrior
  3921 | D:2      | Noticed Natasha
  3930 | D:2      | Killed Natasha
  4131 | D:3      | Killed an orc warrior
  4132 | D:3      | Reached XP level 6. HP: 47/47 MP: 9/12
  4832 | D:4      | Reached skill level 1 in Axes
  5540 | D:4      | Reached skill level 2 in Axes
  5692 | D:4      | Reached XP level 7. HP: 52/52 MP: 7/13
  5776 | D:5      | Entered Level 5 of the Dungeon
  6178 | D:5      | Reached skill level 3 in Axes
  6270 | D:5      | Found a snail-covered altar of Cheibriados.
  6623 | D:5      | Found Ugrec's Neck Hole.
  6631 | D:5      | Bought a +0 cloak for 49 gold pieces
  6699 | D:6      | Found a staircase to the Ecumenical Temple.
  6700 | D:6      | Found Xeon's CLEARANCE SALE!.
  6811 | D:6      | Reached skill level 4 in Axes
  7134 | D:6      | Noticed Duvessa
  7134 | D:6      | Noticed Dowan
  7135 | D:6      | Noticed Grinder
  7159 | D:6      | Killed Duvessa
  7160 | D:6      | Reached skill level 5 in Axes
  7162 | D:6      | Killed Dowan
  7163 | D:6      | Reached XP level 8. HP: 20/58 MP: 4/14
  7169 | D:6      | Killed Grinder
  7170 | D:6      | Reached skill level 6 in Axes
  7403 | Temple   | Entered the Ecumenical Temple
  7581 | Temple   | Became a worshipper of Gozag Ym Sagoz the Greedy
  7636 | D:6      | Found an ornate altar of the Wu Jian Council.
  7662 | D:6      | Fell from the grace of Gozag
  7719 | Temple   | Became a worshipper of Ashenzari the Shackled
  8107 | D:7      | Reached skill level 7 in Axes
  9053 | D:7      | Reached skill level 8 in Axes
  9116 | D:7      | Reached XP level 9. HP: 25/63 MP: 3/15
  9588 | D:7      | Found a runed translucent door.
  9589 | D:7      | Noticed Crazy Yiuf
  9593 | D:7      | Killed Crazy Yiuf
  9730 | D:7      | Noticed Pikel
  9745 | D:7      | Killed Pikel
  9746 | D:7      | Reached skill level 9 in Axes
 10188 | D:8      | Noticed Maurice
 10220 | D:8      | Killed Maurice
 10221 | D:8      | Reached skill level 10 in Axes
 10231 | D:8      | Identified a scroll of acquirement
 10232 | D:8      | Acquired 844 gold pieces
 10283 | D:6      | Bought a +4 ring of evasion for 180 gold pieces
 10392 | D:8      | Was forgiven by Gozag
 10681 | D:8      | Found a bloodstained altar of Trog.
 10942 | D:9      | Noticed a two-headed ogre
 10947 | D:9      | Killed a two-headed ogre
 10948 | D:9      | Reached skill level 11 in Axes
 10948 | D:9      | Reached XP level 10. HP: 70/70 MP: 16/16
 10998 | D:9      | Noticed an ice statue
 11014 | D:9      | Noticed Maggie
 11022 | D:9      | Killed from afar by an ice statue

Illustrated notes

Levels and vault maps discovered:
D:1:      minmay_arrival_up_and_down, layout_loops_corners
D:2:      layout_rooms, hellmonk_ecumenical_altar_crossroads, item_on_display_a,
          uniq_natasha, uniq_terence, uniq_robin
D:3:      layout_basic, chequers_temple_overflow_statue_of_worship,
          tso_oasis_becter
D:4:      layout_rooms
D:5:      layout_loops_ring, mainiacjoe_overflow_paths, cheibriados_altar_1,
          nicolae_shop_sticking_my_neck_out
D:6:      layout_rooms, mainiacjoe_overflow_six_doors_small,
          minmay_temple_entry_proselytizer, roderic_batcave,
          nicolae_shop_clearance, uniq_duvessa, uniq_grinder
D:7:      layout_rooms, uniq_pikel, uniq_crazy_yiuf_cottage
D:8:      layout_cave_pools, mainiacjoe_overflow_cross_hatched, uniq_maurice
D:9:      layout_stronghold, minmay_statue_bubble, uniq_maggie, uniq_grum
Temple:   regret_index_temple_waves

Skill      XL: |  1  2  3  4  5  6  7  8  9 |
---------------+----------------------------+-----
Fighting       | 1 2 3 |  3.0
Armour         | 1 2 |  2.0
Dodging        | 2 |  2.0
Spellcasting   | 3 4 |  4.0
Polearms       | 3 |  3.0
Axes           | 2 5 8 11 | 11.0
Stealth        | |  1.5
Necromancy     | |  4.0

Action                   |  1- 3 |  4- 6 |  7- 9 | 10-12 || total
-------------------------+-------+-------+-------+-------++-------
Melee: Unarmed           |    23 |       |       |       ||    23
       Club              |    18 |       |       |       ||    18
       Spear             |       |    11 |       |       ||    11
       Hand axe          |       |     2 |       |       ||     2
       Battleaxe         |       |    28 |   177 |    12 ||   217
 Cast: Pain              |    85 |   167 |    75 |       ||   327
       Vampiric Draining |       |       |    16 |       ||    16
Invok: Renounce Religion |       |       |     1 |       ||     1
       Curse Item        |       |       |     1 |       ||     1
       Shatter the Chain |       |       |     1 |       ||     1
Evoke: Wand              |       |     4 |     5 |       ||     9
  Use: Scroll            |     2 |       |    12 |     1 ||    15
 Stab: Paralysed         |       |       |     6 |       ||     6
Armor: Robe              |    15 |       |       |       ||    15
       Ring mail         |     5 |    54 |   129 |     9 ||   197
Dodge: Dodged            |    40 |    66 |   160 |    13 ||   279
